 Dungeon Crawl Stone Soup version 0.30.0-30-g96aa6591b8 (webtiles) character file.

Game seed: 1956603182004709183

330 Dordric the Trooper (level 6, -3/47 HPs)
             Began as a Djinni Warper on June 29, 2023.
             Was a Follower of Qazlal.
             Slain by Crazy Yiuf
             ... wielding a +3 quarterstaff of chaos
              (6 damage)
             ... on level 4 of the Dungeon.
             The game lasted 00:08:05 (3631 turns).

Dordric the Trooper (Djinni Warper)                 Turns: 3631, Time: 00:08:05

Health: -3/47      AC:  4    Str: 10    XL:     6   Next: 81%
Gold:   122        EV: 12    Int: 14    God:    Qazlal [*.....] SH:  2 Dex: 15

rFire   + + .        x - +7 club
rCold   x . .        (no shield)
rNeg    . . .        w - +1 animal skin
rPois   ∞            u - +0 helmet
rElec   .            (no cloak)
rCorr   .            (no gloves)
SInv    .            (boots unavailable)
Will    .....        (no amulet)
Stlth   +            (no ring)
HPRegen 0.27/turn    (no ring)
MPRegen 0.00/turn

%: infuse magic (-4 HP)
@: flying
A: sickness immunity, fire resistance 2, cold vulnerability 1, float, innate
caster, HP casting, extra vitality 1
a: Renounce Religion


You were on level 4 of the Dungeon.
You worshipped Qazlal.
Qazlal was aware of your devotion.
You visited 1 branch of the dungeon, and saw 4 of its levels.

You collected 122 gold pieces.

Inventory:

Hand Weapons
 a - a +0 falchion
 x - a +7 club (weapon)
Missiles
 d - 7 boomerangs of dispersal (quivered)
Armour
 b - a +0 leather armour
 h - a +0 plate armour
 u - a +0 helmet (worn)
 w - a +1 animal skin (worn)
Wands
 c - a wand of mindburst (13)
Scrolls
 e - a scroll of enchant weapon
 k - a scroll of magic mapping {unknown}
 l - a scroll of immolation {unknown}
 m - a scroll of vulnerability {unknown}
 n - a scroll of torment {unknown}
 p - a scroll of teleportation {unknown}
 q - a scroll of amnesia
 s - a scroll of identify
 t - a scroll of noise {unknown}
 v - a scroll of fog {unknown}
Potions
 f - a potion of lignification {unknown}
 g - 3 potions of curing {unknown}
 i - 4 potions of haste
 j - a potion of resistance {unknown}
 o - a potion of flight {unknown}
 r - a potion of berserk rage {unknown}


   Skills:
 + Level 4.1 Fighting
 + Level 3.7 Long Blades
 - Level 0.7 Throwing
 - Level 1.0 Armour
 - Level 2.1 Dodging
 + Level 3.7 Spellcasting


You knew the following spells:

 Your Spells              Type           Power      Damage    Failure   Level
a - Blink                 Tloc           26%        N/A       6%          2
b - Lesser Beckoning      Tloc           26%        N/A       6%          2
c - Vhi's Electric Charg  Tloc/Air       26%        N/A       13%         3
d - Teleport Other        Tloc           13%        N/A       13%         3
e - Manifold Assault      Tloc           13%        N/A       38%         4
f - Summon Small Mammal   Summ           52%        N/A       4%          1
g - Static Discharge      Conj/Air       26%        2-4/arc   6%          2
Your spell library was empty.

Dungeon Overview and Level Annotations

Branches:
Dungeon (4/15)
 Temple: D:4-7

Altars:
Qazlal

Annotations:
D:3 3 runed translucent doors, LustLizard's ghost, amateur OpAE
D:4 Crazy Yiuf


Innate Abilities, Weirdness & Mutations

You are immune to sickness and miasma.
You are immune to poison.
Your flesh is very heat resistant. (rF++)
You are vulnerable to cold. (rC-)
You float through the air rather than walking.
You learn spells naturally, not from books.
Your magical power is your life essence.
You have superior vitality. (+4 MHP)


Message History

You see here a +0 leather armour.
There is an escape hatch in the floor here.
Found a ring mail.
Things that are here:
a +0 dagger; a goblin skeleton
Things that are here:
a +0 scale mail; a +0 whip You see here a +0 trident.
Things that are here:
a +0 ring mail; a +0 short sword Key pressed, stopping explore.
Crazy Yiuf shouts!
Crazy Yiuf cries, "Gnoll high hand!"
Crazy Yiuf says, "Seed!"
Could not explore, unopened runed door.
No reachable target in view!
You reach down and open the door.
You hit Crazy Yiuf.
Crazy Yiuf is moderately wounded.
Crazy Yiuf barely misses you.
Crazy Yiuf drinks a potion.
Crazy Yiuf seems to speed up.
You barely miss Crazy Yiuf.
Crazy Yiuf is moderately wounded.
Crazy Yiuf hits you with a +3 quarterstaff of chaos!
You thump Crazy Yiuf!
Crazy Yiuf is severely wounded.
Crazy Yiuf hits you with a +3 quarterstaff of chaos!
Crazy Yiuf closely misses you.
You hit Crazy Yiuf.
Crazy Yiuf is almost dead.
Crazy Yiuf completely misses you.
Crazy Yiuf hits you with a +3 quarterstaff of chaos!
Space warps around you.
* * * LOW HITPOINT WARNING * * *
You hit Crazy Yiuf but do no damage.
Crazy Yiuf is almost dead.
Crazy Yiuf hits you with a +3 quarterstaff of chaos!
* * * LOW HITPOINT WARNING * * *
Crazy Yiuf hits you with a +3 quarterstaff of chaos.
You die...

♣♣♣♣♣### ### ♣♣♣.♣....##
#...#♣..♣......##
#...g@♣♣♣♣......# #)..#♣♣
♣♣.....# ##### ###
♣♣##..###### #...# #........
#...# #...(....
#...################........
#..........##...............
###..........##...............
#.[...#########.............<.


You could see Crazy Yiuf (fast).

Vanquished Creatures
  A scorpion (D:3)
  Ijyb (D:4)
  Natasha (thrice) (D:4)
  Robin (D:4)
  6 adders
  A river rat (D:4)
  An ufetubus (D:4)
  6 worms
  4 orcs
  2 ball pythons (D:3)
  3 bats
  4 endoplasms
  4 giant cockroaches
  13 goblins
  8 hobgoblins
  3 jackals (D:2)
  4 kobolds
  2 quokkas
  A frilled lizard (D:3)
  11 rats
79 creatures vanquished.

Notes
Turn   | Place    | Note
-------+----------+-------------------------------------------
     0 | D:1      | Dordric the Djinni Warper began the quest for the Orb.
     0 | D:1      | Dordric set off with the following spells memorised: Blink,
                  | Lesser Beckoning, Vhi's Electric Charge, Teleport Other,
                  | Manifold Assault.
     0 | D:1      | Reached XP level 1. HP: 18/18 MP: 0/0
   100 | D:1      | Reached XP level 2. HP: 23/23 MP: 0/0
   705 | D:2      | Reached XP level 3. HP: 27/29 MP: 0/0
   705 | D:2      | Learned a level 1 spell: Summon Small Mammal
  1309 | D:3      | Found a runed translucent gate.
  1310 | D:3      | Found a runed translucent gate.
  1313 | D:3      | Found a runed translucent gate.
  1387 | D:3      | Reached XP level 4. HP: 30/34 MP: 0/0
  1550 | D:3      | Found a faded altar of an unknown god.
  1726 | D:3      | Reached skill level 3 in Fighting
  1739 | D:3      | Noticed LustLizard's ghost (amateur OpAE)
  1804 | D:3      | Prayed at the altar of an unknown god.
  1804 | D:3      | Became a worshipper of Qazlal Stormbringer
  1804 | D:3      | Reached * piety under Qazlal
  2221 | D:4      | Noticed Robin
  2251 | D:3      | Reached XP level 5. HP: 27/40 MP: 0/0
  2251 | D:3      | Learned a level 2 spell: Static Discharge
  2395 | D:4      | Killed Robin
  2544 | D:4      | Noticed Natasha
  2549 | D:4      | Reached ** piety under Qazlal
  2554 | D:4      | Killed Natasha
  2555 | D:4      | Reached XP level 6. HP: 11/46 MP: 0/0
  2617 | D:4      | Noticed Natasha
  2625 | D:4      | Killed Natasha
  2824 | D:4      | Noticed Natasha
  2826 | D:4      | Noticed Ijyb
  2914 | D:4      | Killed Natasha
  2980 | D:4      | Reached skill level 4 in Fighting
  3076 | D:4      | Found a runed translucent door.
  3077 | D:4      | Noticed Crazy Yiuf
  3452 | D:4      | Killed Ijyb
  3631 | D:4      | Slain by Crazy Yiuf

Illustrated notes

Levels and vault maps discovered:
D:1:      scummos_arrival_simple_crosswalls, layout_loops_ring
D:2:      layout_basic, grunt_decor_cap, minmay_distorted
D:3:      layout_basic, ebering_ghost_rock_garden,
          shapermc_ecumenical_altar_pompeii,
          nicolae_concentric_dashed_squares_mild, minmay_misc_feat_more_columns
D:4:      layout_rooms, lightli_sewer_entry_pipes, uniq_robin, uniq_ijyb,
          uniq_natasha, uniq_crazy_yiuf_cottage

Skill      XL: |  1  2  3  4  5  6 |
---------------+-------------------+-----
Long Blades    | 2 3 |  3.7
Spellcasting   | 3 |  3.7
Fighting       | 3 4 |  4.1
Throwing       | |  0.7
Armour         | |  1.0
Dodging        | |  2.1

Action                     |  1- 3 |  4- 6 || total
---------------------------+-------+-------++-------
  Melee: Falchion          |   100 |   177 ||   277
         Punch             |       |     2 ||     2
         Club              |       |     5 ||     5
   Cast: Static Discharge  |       |     6 ||     6
         Vhi's Electric Ch |       |     2 ||     2
         Teleport Other    |       |     1 ||     1
         Summon Small Mamm |       |     1 ||     1
         Blink             |       |     1 ||     1
 Invoke: Upheaval          |       |     5 ||     5
    Use: Scroll            |       |     3 ||     3
   Stab: Sleeping          |     1 |       ||     1
 Armour: Leather armour    |     7 |    26 ||    33
         Plate armour      |    77 |   109 ||   186
         Animal skin       |       |     2 ||     2
  Dodge: Dodged            |    33 |    64 ||    97
  Block: Other             |       |    14 ||    14
